 Dungeon Crawl Stone Soup version 0.17-a0-1403-g9df874c (webtiles) character file.

1369 urechis the Spear-Bearer (level 8, -9/64 HPs)
             Began as a Merfolk Gladiator on June 20, 2015.
             Was a Follower of Yredelemnul.
             Killed from afar by Dowan (14 damage)
             ... with a shard of ice
             ... on level 5 of the Dungeon.
             The game lasted 00:17:05 (5587 turns).

urechis the Spear-Bearer (Merfolk Gladiator)        Turns: 5587, Time: 00:17:07

Health: -9/64      AC:  5    Str: 15    XL:     8   Next: 65%
Magic:  11/11      EV: 15    Int:  8    God:    Yredelemnul [*.....]
Gold:   217        SH:  0    Dex: 16    Spells: 0 memorised, 7 levels left

rFire  . . .     SeeInvis .     a - +0 trident
rCold  . . .     Clarity  .     b - +0 leather armour
rNeg   . . .     SustAt   .     (no shield)
rPois  .         Gourm    .     c - +0 helmet
rElec  .         Spirit   .     q - +0 cloak
rCorr  .         Warding  .     (no gloves)
rMut   .         Stasis   .     (no boots)
MR     .....                    (no amulet)
Stlth  +.........               (no ring)
                                (no ring)

@: lethally poisoned (-9 -> -13), not resistant to hostile enchantments, very
unstealthy
A: change form in water, swift swim
a: Animate Remains, Renounce Religion


You were on level 5 of the Dungeon.
You worshipped Yredelemnul.
Yredelemnul was aware of your devotion.
You were hungry.

You visited 2 branches of the dungeon, and saw 6 of its levels.

You collected 217 gold pieces.

Inventory:

Hand weapons
 a - a +0 trident (weapon)
Armour
 b - a +0 leather armour (worn)
 c - a +0 helmet (worn)
 q - a +0 cloak (worn)
Jewellery
 j - a +1 ring of protection {unknown}
Scrolls
 f - a scroll of remove curse {unknown}
 h - a scroll of enchant weapon {unknown}
 i - a scroll of random uselessness {unknown}
 k - 2 scrolls of teleportation {unknown}
 l - 10 scrolls of identify {unknown}
 o - 3 scrolls of recharging {unknown}
 r - a scroll of amnesia {unknown}
 t - a scroll of blinking {unknown}
Potions
 n - a potion of ambrosia {unknown}
 p - a potion of degeneration {unknown}
 s - a potion of poison {unknown}
Comestibles
 d - 6 bread rations
 g - 3 beef jerkies
 m - 3 meat rations


   Skills:
 * Level 6.2 Fighting
 - Level 10.0 Polearms
 - Level 2.0 Throwing
 + Level 6.3 Dodging
 + Level 5.1 Invocations


You had 7 spell levels left.
You didn't know any spells.

Dungeon Overview and Level Annotations

Branches:
Dungeon (5/15)             Temple (1/1) D:5

Altars:
Ashenzari
Cheibriados
Dithmenos
Elyvilon
Fedhas
Gozag
Kikubaaqudgha
Makhleb
Okawaru
Qazlal
Ru
Sif Muna
Trog
Xom
Yredelemnul
Zin
The Shining One

Annotations:
D:4 bal's ghost, average DsAK
D:5 Dowan


Message History

Dowan closely misses you. Dowan misses you.
You barely miss Dowan.
Dowan is heavily wounded.
Dowan hits you with a dagger of venom.
* * * LOW HITPOINT WARNING * * *
You are poisoned.
You closely miss Dowan.
Dowan is heavily wounded.
* * * LOW HITPOINT WARNING * * *
You feel sick.
Dowan mumbles some strange words.
Dowan blinks!
Drink which item? (? for menu, Esc to quit)
It was a potion of cure mutation.
It has a very clean taste.
* * * LOW HITPOINT WARNING * * *
You feel sick. Dowan casts a spell at you. The shard of ice hits you!
You die...
Your body rises from the dead as a mindless zombie.

#.# #.# #.# ##.## #
#####...#####.#####
#...)....).e...§...
#.e##..§###.#.#####
#..###.## #.# #
#.@# #.# #..
#.§###.# #.##
#......# ##.##
#.####.###...######
#.# #.............
#.# #.###...######
#.# #.# ##.## #
#.####.####.# #
#...........# #


You could see Dowan.

Vanquished Creatures
  Pikel (D:4)
  The ghost of Oddysee the Conjurer, an average DECj (D:3)
  Duvessa (D:5)
  An ogre (D:4)
  A phantom (D:5)
  4 slaves (D:5)
  A sky beast (D:5)
  Blork the orc (D:5)
  A scorpion (D:4)
  An orc priest (D:4)
  An orc wizard (D:4)
  An iguana (D:4)
  2 worker ants
  4 adders
  3 oozes
  An adder skeleton (D:4)
  3 worms
  4 giant geckos
  9 orcs
  13 bats
  8 giant cockroaches
  11 goblins
  8 hobgoblins
  4 jackals (D:1)
  15 kobolds
  5 giant newts
  2 quokka skeletons
  10 rats
117 creatures vanquished.

Vanquished Creatures (others)
  A phantom (D:5)
1 creature vanquished.

Grand Total: 118 creatures vanquished

Notes
Turn   | Place    | Note
--------------------------------------------------------------
     0 | D:1      | urechis the Merfolk Gladiator began the quest for the Orb.
     0 | D:1      | Reached XP level 1. HP: 16/16 MP: 1/1
    65 | D:1      | Reached skill level 5 in Polearms
   100 | D:1      | Reached XP level 2. HP: 19/22 MP: 2/2
   354 | D:1      | Reached XP level 3. HP: 27/27 MP: 3/3
   362 | D:1      | Reached skill level 6 in Polearms
   634 | D:2      | Found a blossoming altar of Fedhas.
   636 | D:2      | Found a white marble altar of Elyvilon.
   638 | D:2      | Found an iron altar of Okawaru.
   713 | D:2      | Found a basalt altar of Yredelemnul.
   807 | D:2      | Reached skill level 7 in Polearms
   807 | D:2      | Reached XP level 4. HP: 11/33 MP: 4/4
  1013 | D:2      | Became a worshipper of Yredelemnul the Dark
  1658 | D:3      | Noticed Oddysee's ghost (average DECj)
  2119 | D:3      | Found a burning altar of Makhleb.
  2122 | D:3      | Found an ancient bone altar of Kikubaaqudgha.
  2135 | D:3      | Found a deep blue altar of Sif Muna.
  2144 | D:3      | Found a shimmering altar of Xom.
  2299 | D:3      | Reached XP level 5. HP: 36/38 MP: 5/5
  2407 | D:3      | Killed Oddysee's ghost
  2407 | D:3      | Reached skill level 9 in Polearms
  2407 | D:3      | Reached XP level 6. HP: 24/44 MP: 5/7
  2413 | D:4      | Noticed bal's ghost (average DsAK)
  2417 | D:3      | Acquired Yredelemnul's first power
  2999 | D:4      | Reached XP level 7. HP: 46/50 MP: 9/9
  3025 | D:4      | Reached skill level 10 in Polearms
  3131 | D:4      | HP: 1/51 [ogre/giant spiked club (19)]
  4075 | D:5      | Entered Level 5 of the Dungeon
  4255 | D:5      | Found a white marble altar of Elyvilon.
  4337 | D:5      | Noticed Pikel
  4390 | D:4      | Killed Pikel
  4390 | D:4      | Reached skill level 5 in Fighting
  4390 | D:4      | Reached skill level 5 in Dodging
  4390 | D:4      | Reached XP level 8. HP: 12/62 MP: 9/11
  4744 | D:5      | Found a staircase to the Ecumenical Temple.
  4749 | Temple   | Entered the Ecumenical Temple
  4946 | D:5      | Found a glowing golden altar of the Shining One.
  5075 | D:5      | Noticed Blork the orc
  5091 | D:5      | Killed Blork the orc
  5129 | D:5      | Found a shadowy altar of Dithmenos.
  5239 | D:5      | Reached skill level 5 in Invocations
  5529 | D:5      | Noticed Dowan
  5530 | D:5      | Noticed Duvessa
  5572 | D:5      | Killed Duvessa
  5587 | D:5      | Killed from afar by Dowan

Vault maps used:
D:1:      tarquinn_simple_flora_water_e, st_stairs_10, minmay_misc_feat_rows
D:2:      nicolae_overflow_quartered_altars
D:3:      grunt_temple_overflow_cloverleaf, first_bread
D:5:      fiery_altar_vehumet, grunt_dithmenos_shadows, temple_doors_b,
          basic_altar, elyvilon_altar_1, uniq_duvessa, uniq_blork_the_orc,
          uniq_pikel
Temple:   circular_temple_pool_8

Action                   |  1- 3 |  4- 6 |  7- 9 || total
-------------------------+-------+-------+-------++-------
Melee: Trident           |   151 |   185 |   225 ||   561
Throw: Throwing net      |       |     3 |     7 ||    10
  Use: Potion            |     1 |       |     3 ||     4
 Stab: Sleeping          |       |     3 |     1 ||     4
       Held in net/web   |       |       |     4 ||     4
       Distracted        |       |       |     1 ||     1
  Eat: Chunk             |       |     7 |     6 ||    13
       Pizza             |       |       |     1 ||     1
